Map: Void Training Stage 3

Players

LindyHop - Winner!

  • Race: Zerg Zerg
  • League: Platinum

Player 2

  • Race: Protoss Protoss

VOD

Have the link to the VOD?

Description

Time

  • Played on: Dec. 10, 2015, 7:17 p.m.
  • Length: 9:33
Show
View Real Time Build Order
Export as new Build Order

LindyHop Zerg - Winner!

Build Orders: Hatch First 

Get SALT Encoding   

  12  0:01  Drone  
  13  0:13  Overlord  
  13  0:18  Drone  
  14  0:31  Drone x2  
  14  0:34  Drone  
  17  0:54  Hatchery  
  16  0:57  Drone  
  16  1:00  Drone  
  18  1:04  Extractor  
  18  1:08  Drone  
  18  1:23  Spawning Pool  
  17  1:30  Drone x2  
  19  1:39  Overlord  
  19  1:52  Drone  
  20  2:09  Metabolic Boost  
  20  2:11  Queen  
  20  2:12  Queen  
  20  2:14  Zergling x2  
  20  2:15  Zergling x2  
  26  2:28  Drone x4  
  30  2:32  Drone  
  31  2:41  Drone  
  31  2:44  Overlord  
  32  2:51  Drone  
  32  2:56  Drone  
  34  2:59  Drone  
  35  3:09  Drone  
  35  3:11  Drone  
  37  3:15  Hatchery, Drone  
  37  3:23  Drone x4  
  37  3:24  Drone x2  
  43  3:34  Overlord  
  43  3:37  Drone  
  44  3:41  Roach Warren  
  43  3:53  Drone x3, Queen  
  43  3:55  Queen  
  48  3:57  Overlord  
  48  4:00  Zergling x4  
  52  4:03  Extractor  
  52  4:14  Overlord x2  
  52  4:31  Drone x9  
  61  4:41  Roach x2  
  61  4:42  Lair  
  61  4:45  Drone  
  66  4:57  Drone x3  
  66  4:59  Roach x2, Extractor  
  72  5:01  Extractor x2  
  72  5:06  Drone x5, Extractor  
  74  5:08  Extractor  
  73  5:14  Drone  
  73  5:15  Drone x2  
  76  5:36  Overlord x5  
  76  5:37  Roach  
  76  5:38  Roach x2  
  82  6:00  Roach x2  
  82  6:01  Roach x6  
  98  6:05  Glial Reconstitution  
  98  6:12  Evolution Chamber x2, Roach x5  
  98  6:15  Roach  
  98  6:16  Roach x2  
  98  6:18  Burrow  
  112  6:26  Roach x4  
  112  6:27  Roach  
  112  6:31  Overseer  
  120  6:35  Overlord  
  120  6:36  Overlord x2  
  118  6:42  Roach  
  118  6:46  Roach  
  122  6:52  Zerg Ground Armor Level 1  
  122  6:53  Zerg Missile Weapons Level 1  
  124  6:54  Roach x2  
  124  6:57  Roach  
  124  6:58  Roach  
  124  6:59  Roach  
  132  7:04  Roach x3  
  132  7:05  Roach  
  132  7:06  Roach  
  142  7:08  Overlord x2  
  142  7:09  Overlord x2  
  138  7:17  Roach x2  
  142  7:23  Roach  
  142  7:28  Roach x2  
  148  7:34  Roach  
  148  7:35  Roach x3  
  156  7:44  Roach x2  
  156  7:45  Roach  
  156  7:49  Roach  
  156  7:50  Roach x3  
  170  7:52  Roach x3  
  170  7:54  Overlord x2  
  170  7:55  Overseer  
  176  8:00  Roach  
  178  8:09  Overlord x2  
  178  8:12  Roach x4  
  186  8:14  Roach  
  188  8:24  Roach  
  188  8:25  Roach x2  
  188  8:26  Overlord x2  
  194  8:27  Roach  
  194  8:28  Roach x2  
  196  9:08  Roach x2  
  200  9:32  Spire  
Show
View Real Time Build Order
Export as new Build Order

Player 2 Protoss 

Build Orders:  

Get SALT Encoding   

  12  0:01  Probe (Chrono Boost)  
  13  0:11  Probe (Chrono Boost)  
  14  0:21  Pylon  
  14  0:22  Probe (Chrono Boost)  
  15  0:39  Probe (Chrono Boost)  
  16  0:46  Assimilator  
  17  0:50  Probe (Chrono Boost)  
  17  0:51  Gateway  
  17  1:00  Probe (Chrono Boost), Pylon  
  18  1:29  Gateway  
  18  1:34  Assimilator  
  18  1:42  Cybernetics Core  
  18  1:44  Zealot  
  20  2:06  Pylon  
  20  2:12  Warp Gate  
  20  2:17  Adept  
  22  2:35  Zealot  
  24  2:52  Adept  
  24  2:55  Pylon  
  26  3:10  Adept  
  28  3:15  Probe (Chrono Boost)  
  29  3:26  Probe (Chrono Boost)  
  30  3:27  Stalker  
  32  3:36  Forge  
  32  3:38  Probe (Chrono Boost)  
  33  3:44  Adept  
  33  3:46  Pylon  
  36  3:49  Probe (Chrono Boost)  
  36  4:01  Probe (Chrono Boost), Adept  
  39  4:13  Probe (Chrono Boost)  
  39  4:19  Adept  
  42  4:25  Probe (Chrono Boost)  
  42  4:37  Adept  
  44  6:29  Stalker  
  44  6:30  Probe (Chrono Boost)  
  44  6:31  Photon Cannon  
  44  6:32  Photon Cannon  
  47  6:36  Robotics Facility  
  47  6:37  Nexus  
  47  6:39  Stargate  
  47  6:41  Sentry, Twilight Council  
  47  6:44  Gateway  
  49  6:48  Forge  
  49  6:51  Pylon  
  49  6:54  Stalker  
  51  7:07  Stalker  
  51  7:13  Pylon  
  37  7:20  Sentry  
  37  7:23  Observer  
  36  7:33  Sentry  
  38  7:43  Observer  
  38  7:46  Stalker  
  38  7:51  Probe (Chrono Boost)  
  42  7:53  Probe (Chrono Boost)  
  42  7:57  Assimilator  
  43  7:59  Pylon, Zealot  
  43  8:02  Probe (Chrono Boost), Pylon  
  43  8:04  Probe (Chrono Boost)  
  47  8:12  Zealot  
  50  8:13  Probe (Chrono Boost)  
  50  8:16  Probe (Chrono Boost)  
  51  8:22  Photon Cannon  
  51  8:24  Probe (Chrono Boost)  
  51  8:25  Adept, Photon Cannon  
  51  8:26  Probe (Chrono Boost)  
  55  8:35  Probe (Chrono Boost)  
  55  8:37  Adept  
  55  8:38  Probe (Chrono Boost)  
  59  8:47  Probe (Chrono Boost)  
  61  8:48  Probe (Chrono Boost)  
  61  8:49  Stalker  
  43  8:56  Zealot  
  37  9:03  Stalker  
  22  9:10  Zealot  
  24  9:17  Stalker  
  24  9:22  Probe (Chrono Boost)  
  3  9:24  Stalker  
Tags
 
Add a new tag
Caveats
  • Supply blocks, unpowered buildings, or Contaminate may cause inaccurate times.
  • Supply counts are checked every 10 seconds.